 Dungeon Crawl Stone Soup version 0.26-a0-53-g45f243fec8 (webtiles) character file.

Game seed: 11067960440266936956

2014 MarredHen the Magician (level 9, -9/65 HPs)
             Began as a Gnoll Venom Mage on June 7, 2020.
             Was a Plaything of Xom.
             Killed from afar by a tengu conjurer (38 damage)
             ... with a bolt of magma
             ... on level 7 of the Dungeon.
             The game lasted 00:19:29 (7356 turns).

MarredHen the Magician (Gnoll Venom Mage)           Turns: 7356, Time: 00:19:36

Health: -9/65      AC:  5    Str:  8    XL:     9   Next: 22%
Magic:  5/18       EV: 16    Int: 18    God:    Xom [.....*]
Gold:   349        SH:  0    Dex: 16    Spells: 17/20 levels left

rFire    x . .     SeeInvis +   A - +11 falchion of Wenoing {flame, +Rage rF- rN+++ Str-5}
rCold    . . .     Gourm    .   (no shield)
rNeg     + + +     Faith    .   a - +0 robe
rPois    .         Spirit   .   n - +0 helmet
rElec    .         Reflect  .   (no cloak)
rCorr    .         Harm     .   g - +0 pair of gloves
MR       .....                  r - +0 pair of boots
Stlth    +++.......             (no amulet)
HPRegen  0.20/turn              o - ring of see invisible
MPRegen  0.16/turn              (no ring)

@: cleaving
A: distributed training, fangs 1, strong nose
a: Renounce Religion, Evoke Berserk Rage


You were on level 7 of the Dungeon.
You worshipped Xom.
You were Xom's teddy bear.
You were not hungry.

You visited 1 branch of the dungeon, and saw 7 of its levels.
You also visited: Ossuary.

You collected 349 gold pieces.

Inventory:

Hand Weapons
 e - a +2 mace of draining
 j - a +1 hand axe of freezing
 k - a +3 dagger of protection
 y - a +2 flail of protection
 A - the +11 falchion of Wenoing (weapon) {flame, +Rage rF- rN+++ Str-5}
   (You took it off a centaur on level 6 of the Dungeon)

   It has been specially enchanted to burn those struck by it, causing extra
   injury to most foes and up to half again as much damage against particularly
   susceptible opponents.
   Big, fiery blades are also staple armaments of hydra-hunters.
   It affects your strength (-5).
   It makes you vulnerable to fire.
   It renders you almost immune to negative energy.
   It lets you go berserk.
 B - a +0 shortbow
Missiles
 C - 57 arrows
Armour
 a - a +0 robe (worn)
 g - a +0 pair of gloves (worn)
 n - a +0 helmet (worn)
 r - a +0 pair of boots (worn)
Jewellery
 o - a ring of see invisible (left hand)
 u - an uncursed ring of magical power
Wands
 z - a wand of paralysis (10)
 D - a wand of clouds (3)
Scrolls
 b - 6 scrolls of remove curse
 d - a scroll of noise {unknown}
 l - a scroll of fear {unknown}
 m - 10 scrolls of teleportation
 p - 2 scrolls of enchant armour
Potions
 f - 4 potions of heal wounds
 h - 2 potions of curing
 i - a potion of might {unknown}
 q - 2 potions of mutation {unknown}
 s - 3 potions of stabbing
 t - 2 potions of brilliance
 v - 3 potions of lignification
 w - a potion of invisibility
 x - a potion of berserk rage {unknown}
Comestibles
 c - 9 rations


   Skills:
 + Level 4.0 Fighting
 + Level 4.0 Short Blades
 + Level 4.0 Long Blades
 + Level 4.0 Axes
 + Level 4.0 Maces & Flails
 + Level 4.0 Polearms
 + Level 4.0 Staves
 + Level 4.0 Slings
 + Level 4.0 Bows
 + Level 4.0 Crossbows
 + Level 4.0 Throwing
 + Level 4.0 Armour
 + Level 6.1 Dodging
 + Level 5.8 Stealth
 + Level 4.0 Shields
 + Level 4.0 Unarmed Combat
 + Level 6.4 Spellcasting
 + Level 3.2 Conjurations
 + Level 3.2 Hexes
 + Level 3.2 Charms
 + Level 3.2 Summonings
 + Level 3.2 Necromancy
 + Level 3.2 Translocations
 + Level 4.0 Transmutations
 + Level 3.2 Fire Magic
 + Level 3.2 Ice Magic
 + Level 3.2 Air Magic
 + Level 3.2 Earth Magic
 + Level 6.4 Poison Magic
 + Level 4.3 Invocations
 + Level 4.0 Evocations


You had 17 spell levels left.
You knew the following spells:

 Your Spells              Type           Power        Failure   Level  Hunger
a - Sting                 Tmut/Pois      ###.         1%          1    None
b - Poisonous Vapours     Pois/Air       ###...       2%          2    None

Your spell library contained the following spells:

 Spells                   Type           Power        Failure   Level  Hunger
 Summon Butterflies       Summ           ###.....     3%          1    None
 Ignite Poison            Fire/Tmut/Pois ###.....     5%          3    ##.....
 Mephitic Cloud           Conj/Pois/Air  ###.....     6%          3    ##.....
 Call Canine Familiar     Summ           ###.....     9%          3    ##.....
 Olgreb's Toxic Radiance  Pois           ####....     9%          4    ####...
 Summon Ice Beast         Ice/Summ       ###.....     30%         4    ####...
 Summon Mana Viper        Hex/Summ       ###.....     63%         5    #####..
 Summon Hydra             Summ           ###.......   100%        7    #######


Dungeon Overview and Level Annotations

Branches:
Dungeon (7/15)            Ossuary (visited)
 Temple: D:4-7

Altars:
Nemelex Xobeh
Ru
Trog
Xom
Yredelemnul

Shops:
D:4 (


Innate Abilities, Weirdness & Mutations

Your experience applies equally to all skills.
You have very sharp teeth.
Your uncanny sense of smell can sniff out nearby items.


Message History

Press: ? - help, Dir - move target cursor, f/p - tengu conjurer
Aim: a tengu conjurer, wearing a +0 buckler and wearing an uncursed ring of flight (heavily wounded, extremely poisoned) Poisonous vapours surround the tengu conjurer!
The tengu conjurer is engulfed in poison gas.
The tengu conjurer looks as sick as possible!
The tengu conjurer gestures at you while chanting.
The puff of flame hits you! The fire burns you terribly!
Xom roars with laughter!
Casting: Poisonous Vapours (safe; 2% risk of failure)
Confirm with . or Enter, or press ? or * to list all spells.
Aiming: Poisonous Vapours (safe; 2% risk of failure)
Press: ? - help, Dir - move target cursor, f/p - tengu conjurer
Aim: a tengu conjurer, wearing a +0 buckler and wearing an uncursed ring of flight (severely wounded, extremely poisoned) Poisonous vapours surround the tengu conjurer!
The tengu conjurer is engulfed in poison gas.
The tengu conjurer looks as sick as possible!
The tengu conjurer gestures at you while chanting.
The bolt of magma hits you!!! The lava burns you terribly!
Ouch! That really hurt!
You die...

#### ..# #.# ##.##
.####...##### ..
............#
...#####...###.# ∆
........#.####.######..
...........@#>.........
######.#.#÷#..####)##.
#.#.#Q#..# #.#.#.#..#
#.#.#.#..# #...#.#..#
##..##.#..#
....#..#..########
#...............#


You could see a tengu conjurer (extremely poisoned).

Vanquished Creatures
  A black mamba (shapeshifter) (D:7)
  A wraith (D:5)
  2 sky beasts
  2 ice beasts
  2 ogres
  2 centaurs
  A bullfrog (D:7)
  A scorpion (D:4)
  4 howler monkeys
  A crimson imp (D:7)
  2 hounds (D:5)
  A jelly (D:7)
  An orc wizard (D:7)
  A centaur skeleton (D:5)
  A bullfrog skeleton (D:6)
  A gnoll shaman (D:6)
  An iron imp (D:4)
  2 iguanas
  4 worker ants
  A hound zombie (D:5)
  3 mummies (Ossuary)
  Robin (D:3)
  2 howler monkey skeletons
  3 adders
  3 gnolls (D:6)
  A shadow imp (D:7)
  2 oozes
  An adder zombie (D:4)
  2 adder skeletons
  A worm (D:3)
  4 dart slugs
  9 leopard geckos
  12 orcs
  3 bats (D:3)
  4 giant cockroaches
  A gnoll zombie (Ossuary)
  6 hobgoblins
  8 jackals
  5 kobolds
  2 quokkas
  8 frilled lizards
  12 goblins
  4 goblin zombies (Ossuary)
  4 hobgoblin zombies (Ossuary)
  A jackal skeleton (D:6)
  An orc zombie (Ossuary)
  12 rats
147 creatures vanquished.

Vanquished Creatures (collateral kills)
  An orc wizard (D:7)
1 creature vanquished.

Grand Total: 148 creatures vanquished

Notes
Turn   | Place    | Note
-------+----------+-------------------------------------------
     0 | D:1      | MarredHen the Gnoll Venom Mage began the quest for the Orb.
     0 | D:1      | Reached XP level 1. HP: 13/13 MP: 6/6
   180 | D:1      | Reached XP level 2. HP: 19/19 MP: 2/7
   697 | D:1      | Reached XP level 3. HP: 25/25 MP: 3/9
   761 | D:1      | Reached skill level 5 in Spellcasting
   965 | D:2      | Found a sparkling altar of Nemelex Xobeh.
  1077 | D:2      | Reached skill level 1 in Invocations
  1100 | D:2      | You fall into a shaft and drop 2 floors!
  1107 | D:4      | Found Pimoepo's Antique Weapon Shop.
  1180 | D:3      | HP: 1/25 [worker ant (3)]
  1186 | D:3      | Reached skill level 1 in Fighting
  1186 | D:3      | Reached skill level 1 in Short Blades
  1186 | D:3      | Reached skill level 1 in Long Blades
  1186 | D:3      | Reached skill level 1 in Axes
  1186 | D:3      | Reached skill level 1 in Maces & Flails
  1186 | D:3      | Reached skill level 1 in Polearms
  1186 | D:3      | Reached skill level 1 in Staves
  1186 | D:3      | Reached skill level 1 in Slings
  1186 | D:3      | Reached skill level 1 in Bows
  1186 | D:3      | Reached skill level 1 in Crossbows
  1186 | D:3      | Reached skill level 1 in Throwing
  1186 | D:3      | Reached skill level 1 in Armour
  1186 | D:3      | Reached skill level 1 in Shields
  1186 | D:3      | Reached skill level 1 in Unarmed Combat
  1186 | D:3      | Reached skill level 1 in Evocations
  1186 | D:3      | Reached XP level 4. HP: 16/32 MP: 6/11
  1622 | D:3      | Noticed Robin
  1652 | D:3      | Killed Robin
  1652 | D:3      | Reached skill level 1 in Conjurations
  1652 | D:3      | Reached skill level 1 in Hexes
  1652 | D:3      | Reached skill level 1 in Charms
  1652 | D:3      | Reached skill level 1 in Summonings
  1652 | D:3      | Reached skill level 1 in Necromancy
  1652 | D:3      | Reached skill level 1 in Translocations
  1652 | D:3      | Reached skill level 1 in Fire Magic
  1652 | D:3      | Reached skill level 1 in Ice Magic
  1652 | D:3      | Reached skill level 1 in Air Magic
  1652 | D:3      | Reached skill level 1 in Earth Magic
  2343 | D:3      | Noticed a moth of wrath
  2346 | D:3      | Found a bloodstained altar of Trog.
  2527 | D:3      | Found a sacrificial altar of Ru.
  2528 | D:3      | Found a shimmering altar of Xom.
  2531 | D:3      | Reached XP level 5. HP: 37/37 MP: 9/12
  2539 | D:3      | Became a worshipper of Xom of Chaos
  2731 | D:4      | XOM: silly message
  2838 | D:4      | XOM: silly message
  3045 | D:4      | XOM is BORED!
  3045 | D:4      | XOM: silly message
  3251 | D:4      | XOM: silly message
  3361 | D:4      | Reached XP level 6. HP: 39/44 MP: 10/13
  3526 | D:5      | Entered Level 5 of the Dungeon
  3547 | D:4      | XOM: polymorph crimson imp -> iron imp
  3608 | D:5      | Noticed an ice beast
  3613 | D:5      | XOM: torment (23/44 hp)
  3622 | D:5      | XOM: swap monsters
  3867 | D:5      | Learned a level 2 spell: Poisonous Vapours
  3912 | D:5      | XOM: summons 2 hostile demons
  3949 | D:5      | Reached skill level 5 in Dodging
  3993 | D:5      | XOM: 1-stop teleportation journey
  4046 | D:5      | Found a sand-covered staircase.
  4051 | Ossuary  | Entered an ossuary
  4051 | Ossuary  | Noticed a wraith
  4051 | Ossuary  | Noticed a wraith
  4051 | Ossuary  | Noticed a wraith
  4124 | Ossuary  | Reached XP level 7. HP: 50/50 MP: 15/15
  4476 | Ossuary  | XOM is BORED!
  4680 | Ossuary  | Noticed a wraith
  4683 | Ossuary  | XOM: summons 4 hostile demons
  4684 | Ossuary  | Noticed a ynoxinul
  4704 | Ossuary  | XOM: summons 4 hostile demons
  4705 | Ossuary  | Noticed a chaos spawn
  4710 | D:5      | XOM: cleaving
  4716 | D:5      | XOM: smoke on damage
  4740 | D:5      | XOM: potion effect (berserk rage)
  4743 | D:5      | XOM: potion effect (brilliance)
  4755 | D:5      | Killed a wraith
  4784 | D:5      | XOM: silly message
  5021 | D:5      | Found a basalt altar of Yredelemnul.
  5037 | D:5      | XOM: silly message
  5182 | D:5      | XOM: divination: detect creatures
  5183 | D:5      | XOM: summons 5 friendly demons
  5193 | D:5      | Reached skill level 5 in Stealth
  5267 | D:5      | XOM: 2-stop teleportation journey
  5820 | D:6      | XOM: blink monster(s)
  6008 | D:6      | Reached XP level 8. HP: 57/57 MP: 11/16
  6169 | D:6      | XOM: god gift: book of Beasts
  6315 | D:6      | XOM: fog
  6491 | D:6      | Identified the +11 falchion of Wenoing {flame, +Rage rF-
                  | rN+++ Str-5}
  6876 | D:6      | XOM: god gift: wand of clouds (3)
  7019 | D:7      | XOM: summons friendly crimson imp
  7203 | D:7      | XOM: cast spell 'Summon Ice Beast'
  7216 | D:7      | Reached XP level 9. HP: 40/65 MP: 12/18
  7220 | D:7      | Noticed a black mamba
  7220 | D:7      | a soldier ant changed into a black mamba
  7221 | D:7      | Noticed a tengu conjurer
  7234 | D:7      | XOM: confuse monster(s)
  7234 | D:7      | Killed a black mamba
  7305 | D:7      | XOM: god gift: 52 gold pieces
  7350 | D:7      | XOM: cleaving
  7356 | D:7      | Killed from afar by a tengu conjurer

Illustrated notes

Levels and vault maps discovered:
D:1:      saegor_arrival_simple_c, layout_basic
D:2:      layout_loops_ring, marbit_many_paths,
          nemelex_xobeh_ov_fountains_minmay, minmay_joined_circles
D:3:      layout_loops_ring, gammafunk_temple_overflow_statue, tgw_trog,
          first_ration, kennysheep_generic_room_13, uniq_robin
D:4:      layout_loops_ring, serial_shops, nicolae_shop_overgrown_old_shop,
          minmay_cut_off
D:5:      layout_gridville, basic_altar, nicolae_ossuary_entry_false_entrances
D:6:      layout_rooms, portal_sewer_entry_f
D:7:      minmay_the_grid_plus_closed [minmay_the_grid_outer_diamond,
          minmay_the_grid_tri_star, minmay_the_grid_tiny_cups,
          minmay_the_grid_box_x, minmay_the_grid_prize_diamond_cup],
          layout_loops_ring, led_sif_pool, nicolae_overflow_hidden_temple,
          serial_glass, glass_columns_b, glass_columns_b, glass_columns_a,
          glass_columns_c, glass_columns_b, glass_columns_b

Skill      XL: |  1  2  3  4  5  6  7  8  9 |
---------------+----------------------------+-----
Transmutations | 2 3 4 |  4.0
Spellcasting   | 5 6 |  6.4
Invocations    | 1 2 3 4 |  4.3
Fighting       | 1 2 3 4 |  4.0
Short Blades   | 1 2 3 4 |  4.0
Long Blades    | 1 2 3 4 |  4.0
Axes           | 1 2 3 4 |  4.0
Maces & Flails | 1 2 3 4 |  4.0
Polearms       | 1 2 3 4 |  4.0
Staves         | 1 2 3 4 |  4.0
Slings         | 1 2 3 4 |  4.0
Bows           | 1 2 3 4 |  4.0
Crossbows      | 1 2 3 4 |  4.0
Throwing       | 1 2 3 4 |  4.0
Armour         | 1 2 3 4 |  4.0
Shields        | 1 2 3 4 |  4.0
Unarmed Combat | 1 2 3 4 |  4.0
Evocations     | 1 2 3 4 |  4.0
Conjurations   | 1 2 3 |  3.2
Hexes          | 1 2 3 |  3.2
Charms         | 1 2 3 |  3.2
Summonings     | 1 2 3 |  3.2
Necromancy     | 1 2 3 |  3.2
Translocations | 1 2 3 |  3.2
Fire Magic     | 1 2 3 |  3.2
Ice Magic      | 1 2 3 |  3.2
Air Magic      | 1 2 3 |  3.2
Earth Magic    | 1 2 3 |  3.2
Dodging        | 5 6 |  6.1
Stealth        | 5 |  5.8
Poison Magic   | 6 |  6.4

Action                   |  1- 3 |  4- 6 |  7- 9 || total
-------------------------+-------+-------+-------++-------
Melee: Bite              |     4 |    19 |    19 ||    42
       Unarmed           |     4 |       |       ||     4
       Mace              |     2 |       |       ||     2
       Dagger            |     2 |   217 |   163 ||   382
       Punch             |       |     1 |     2 ||     3
       Falchion          |       |       |    52 ||    52
 Cast: Sting             |    49 |    50 |       ||    99
       Poisonous Vapours |       |    10 |    52 ||    62
  Use: Scroll            |     4 |     2 |     6 ||    12
       Potion            |     1 |       |     7 ||     8
 Stab: Sleeping          |       |     1 |     2 ||     3
  Eat: Chunk             |       |     8 |     3 ||    11
       Ration            |       |     1 |     2 ||     3
Armor: Robe              |     4 |   107 |    63 ||   174
Dodge: Dodged            |    27 |   228 |   185 ||   440
       Rpst.: Falchion   |       |       |    12 ||    12

Table legend:
 A = Non-vault XP
 B = Vault XP
 C = Vault XP percentage of total XP
 D = Non-vault monster count
 E = Vault monster count
 F = Vault count percentage of total count
                 A         B        C        D         E       F
            +---------+---------+-------+---------+---------+-------
      Total |    1759 |    1119 |  38.9 |     100 |      48 |  32.4
            +---------+---------+-------+---------+---------+-------
        D:1 |      41 |       0 |   0.0 |      21 |       0 |   0.0
        D:2 |      16 |       0 |   0.0 |       3 |       0 |   0.0
        D:3 |      64 |      47 |  42.3 |      16 |      18 |  52.9
        D:4 |     213 |       2 |   0.9 |      14 |       1 |   6.7
        D:5 |     498 |     220 |  30.6 |      23 |       3 |  11.5
        D:6 |     621 |       7 |   1.1 |      14 |       3 |  17.6
        D:7 |     306 |     778 |  71.8 |       9 |      10 |  52.6
    Ossuary |       0 |      65 | 100.0 |       0 |      13 | 100.0
            +---------+---------+-------+---------+---------+-------
